 Dungeon Crawl Stone Soup version 0.21.0-8-gf18e19db4a (webtiles) character file.

490 Jannitor the Changer (level 7, -2/52 HPs)
             Began as a Barachi Transmuter on Jan 17, 2018.
             Slain by a centaur zombie (5 damage)
             ... on level 5 of the Dungeon.
             The game lasted 00:11:31 (5120 turns).

Jannitor the Changer (Barachi Transmuter)           Turns: 5120, Time: 00:11:32

Health: -2/52      AC:  2    Str: 12    XL:     7   Next: 14%
Magic:  2/10       EV: 20    Int: 15    God:
Gold:   152        SH:  0    Dex: 17    Spells: 7/10 levels left

rFire    . . .     SeeInvis .     - Unarmed
rCold    . . .     Gourm    .   (shield currently unavailable)
rNeg     . . .     Faith    .   (armour currently unavailable)
rPois    .         Spirit   .   (helmet currently unavailable)
rElec    .         Reflect  .   (cloak currently unavailable)
rCorr    .         Harm     .   (gloves currently unavailable)
MR       .....                  (boots currently unavailable)
Stlth    ++........             q - amulet of regeneration
HPRegen  0.57/turn              o - ring of poison resistance
MPRegen  0.12/turn              u - +3 ring of slaying

@: about to teleport, spider-form, can't hop, very slightly contaminated
A: tiny, +LOS, swims
a: End Transformation


You were on level 5 of the Dungeon.
You were hungry.
You were a venomous arachnid creature.
You visited 2 branches of the dungeon, and saw 6 of its levels.

You collected 152 gold pieces.

Inventory:

Missiles
 a - 33 arrows
Armour
 b - a +0 robe (melded)
 e - the +27 Lear's hauberk
   (You found it on level 4 of the Dungeon)
 h - a +0 pair of boots (melded)
 i - a +1 buckler
 p - a +0 pair of gloves (melded)
Jewellery
 o - a ring of poison resistance (left front leg)
 q - an amulet of regeneration (around neck)
 u - a +3 ring of slaying (right front leg)
 v - a +2 ring of intelligence {unknown}
 w - an uncursed amulet of rage {unknown}
Scrolls
 f - 6 scrolls of remove curse
 k - 2 scrolls of identify
 l - a scroll of immolation
 n - a scroll of enchant weapon
 r - 3 scrolls of teleportation
 t - a scroll of magic mapping {unknown}
Books
 c - a book of Changes

   Spells                             Type                      Level
   a - Beastly Appendage              Transmutation                1
   b - Sticks to Snakes               Transmutation                2
   c - Spider Form                    Transmutation/Poison         3
   d - Ice Form                       Ice/Transmutation            4
   e - Blade Hands                    Transmutation                5
Comestibles
 d - 7 rations


   Skills:
 + Level 3.6 Fighting
 - Level 2.1 Dodging
 + Level 4.5 Unarmed Combat
 - Level 2.1 Spellcasting
 + Level 6.1 Transmutations
 - Level 2.8 Poison Magic


You had 7 spell levels left.
You knew the following spells:

 Your Spells              Type           Power        Failure   Level  Hunger
b - Spider Form           Tmut/Pois      ###.......   26%         3    ###....


Dungeon Overview and Level Annotations

Branches:
Dungeon (5/15)             Temple (1/1) D:4

Altars:
Cheibriados
Dithmenos
Fedhas
Hepliaklqana
Kikubaaqudgha
Nemelex Xobeh
Okawaru
Qazlal
Ru
Sif Muna
Uskayaw
Vehumet
Yredelemnul
The Shining One

Annotations:
D:2 Sigmund
D:4 Menkaure


Innate Abilities, Weirdness & Mutations

Shadows flee at your approach. (+LOS)
You can swim through water.
((You cover ground slowly.))
((You can hop short distances.))


Message History

Casting: Spider Form
Confirm with . or Enter, or press ? or * to list all spells.
You turn into a venomous arachnid creature.
Your +0 pair of gloves melds into your body.
Your +0 pair of boots melds into your body.
Your +0 robe melds into your body.
The hound misses you. The centaur zombie closely misses you.
The crimson imp misses you. The hound misses you.
Unknown command.
Unknown command.
You hit the ogre.
The ogre is severely wounded.
The centaur zombie barely misses you. The crimson imp misses you.
The hound misses you. The centaur zombie barely misses you.
The ogre completely misses you.
You hit the ogre.
The ogre looks as sick as possible!
The ogre is severely wounded.
The hound barely misses you.
The crimson imp blinks!
The centaur zombie hits you.
You die...

.. .. #.# #.
#..##.## #.
#..#.)# ...#
#..#.#
.....##.#.#
#...Z<.#
####Zh.######
#s§..).5..#
#.O.......#
#..?......#
#.......$.#
..........#
##........#
#........#
#........#
...#####


You could see an ogre, a hound, a crimson imp, a centaur zombie and a leopard
gecko skeleton.

Vanquished Creatures
  An ogre (D:5)
  Blork the orc (D:4)
  A scorpion (D:4)
  Ijyb (D:5)
  Natasha (D:4)
  An orc wizard (D:3)
  2 worker ants (D:4)
  A hound skeleton (D:4)
  7 adders
  A gnoll (D:3)
  A dart slug (D:2)
  4 worms
  2 leopard geckos
  5 orcs
  6 bats
  5 giant cockroaches
  10 hobgoblins
  6 jackals (D:3)
  2 quokkas
  5 frilled lizards
  3 goblins
  12 kobolds
  5 rats
83 creatures vanquished.

Notes
Turn   | Place    | Note
-------+----------+-------------------------------------------
     0 | D:1      | Jannitor the Barachi Transmuter began the quest for the Orb.
     0 | D:1      | Reached XP level 1. HP: 15/15 MP: 3/3
   527 | D:1      | Reached skill level 3 in Transmutations
   527 | D:1      | Reached XP level 2. HP: 20/21 MP: 3/5
  1280 | D:2      | Noticed Sigmund
  1296 | D:2      | Reached XP level 3. HP: 26/26 MP: 3/6
  1311 | D:2      | Reached skill level 4 in Transmutations
  1316 | D:2      | Learned a level 3 spell: Spider Form
  1711 | D:2      | Reached skill level 1 in Poison Magic
  1966 | D:2      | Reached XP level 4. HP: 17/32 MP: 3/7
  3339 | D:3      | Reached XP level 5. HP: 21/37 MP: 5/8
  3343 | D:3      | Reached skill level 5 in Transmutations
  3896 | D:4      | Found the +27 Lear's hauberk
  3901 | D:4      | Reached XP level 6. HP: 35/44 MP: 5/9
  3904 | D:4      | Found a staircase to the Ecumenical Temple.
  4102 | Temple   | Entered the Ecumenical Temple
  4365 | D:4      | Noticed Natasha
  4371 | D:4      | Killed Natasha
  4525 | D:4      | Noticed Blork the orc
  4536 | D:4      | Killed Blork the orc
  4732 | D:4      | Noticed a phantom
  5077 | D:4      | Noticed Menkaure
  5088 | D:5      | Entered Level 5 of the Dungeon
  5098 | D:5      | Noticed Ijyb
  5103 | D:5      | Reached skill level 6 in Transmutations
  5103 | D:5      | Reached XP level 7. HP: 35/52 MP: 3/10
  5108 | D:5      | Killed Ijyb
  5116 | D:5      | HP: 2/52 [hound (4)]
  5120 | D:5      | Slain by a centaur zombie

Skill      XL: |  1  2  3  4  5  6 |
---------------+-------------------+-----
Transmutations | 3 4 5 6 |  6.1
Poison Magic   | 1 2 |  2.8
Fighting       | 2 3 |  3.6
Unarmed Combat | 4 |  4.5
Dodging        | |  2.1
Spellcasting   | |  2.1

Action                   |  1- 3 |  4- 6 |  7- 9 || total
-------------------------+-------+-------+-------++-------
Melee: Unarmed           |   134 |   182 |    11 ||   327
       Headbutt          |     8 |       |       ||     8
 Cast: Beastly Appendage |    18 |       |       ||    18
       Spider Form       |     4 |    21 |     1 ||    26
 Abil: Hop               |       |       |     1 ||     1
  Use: Potion            |       |     2 |       ||     2
       Scroll            |       |     3 |     4 ||     7
 Stab: Invisible         |       |     2 |       ||     2
       Sleeping          |       |     1 |       ||     1
  Eat: Chunk             |     4 |    11 |       ||    15
       Ration            |       |     1 |       ||     1
Armor: Robe              |    40 |    21 |     1 ||    62
       Skin              |       |     5 |       ||     5
Dodge: Dodged            |    98 |   157 |    35 ||   290
